 Dungeon Crawl Stone Soup version 0.28-a0-1506-g3893175d92 (webtiles) character file.

Game seed: 4563507828478019964

61 knot the Chopper (level 3, -2/31 HPs)
             Began as a Demonspawn Berserker on Jan 14, 2022.
             Was a Follower of Trog.
             Slain by a gnoll (4 damage)
             ... on level 2 of the Dungeon.
             The game lasted 00:01:46 (1453 turns).

knot the Chopper (Demonspawn Berserker)             Turns: 1453, Time: 00:01:47

Health: -2/31      AC:  2    Str: 17    XL:     3   Next: 83%
Magic:  3/3        EV: 12    Int: 10    God:    Trog [*.....]
Gold:   29         SH:  0    Dex: 12    Spells: 2/2 levels left

rFire   . . .      SeeInvis .   a - +0 hand axe
rCold   . . .      Faith    .   (no shield)
rNeg    . . .      Spirit   .   b - +0 animal skin
rPois   .          Reflect  .   (helmet restricted)
rElec   .          Harm     .   (no cloak)
rCorr   .          Rampage  .   (no gloves)
Will    .....                   (no boots)
Stlth   +.........              (no amulet)
HPRegen 0.10/turn               (no ring)
MPRegen 0.08/turn               (no ring)

@: on berserk cooldown, slowed, very slow
A: horns 1, robust 1, noise suppression
a: Renounce Religion, Berserk


You were on level 2 of the Dungeon.
You worshipped Trog.
Trog was aware of your devotion.
You visited 1 branch of the dungeon, and saw 2 of its levels.

You collected 29 gold pieces.

Inventory:

Hand Weapons
 a - a +0 hand axe (weapon)
Missiles
 c - 74 stones (quivered)
Armour
 b - a +0 animal skin (worn)
Scrolls
 e - a scroll of enchant weapon


   Skills:
 - Level 3.0 Fighting
 + Level 4.4 Axes
 - Level 1.7 Armour
 - Level 1.7 Dodging


You had 2 spell levels left.
You didn't know any spells.
Your spell library contained the following spells:

 Spells                   Type           Power      Damage    Failure   Level
 Apportation              Tloc           0%         N/A       36%         1
 Dazzling Flash           Conj/Hex       0%         N/A       75%         3
 Agony                    Necr           0%         N/A       100%        5
 Alistair's Intoxication  Tmut/Pois      0%         N/A       100%        5
 Silence                  Hex/Air        0%         N/A       100%        5


Dungeon Overview and Level Annotations

Branches:
Dungeon (2/15)

Altars:


Innate Abilities, Weirdness & Mutations

You have a pair of small horns on your head.
You are robust. (+10% HP)
You passively dampen the noise of your surroundings.


Message History

The gnoll throws a throwing net.
The throwing net barely misses you.
A gnoll comes into view. It is wielding a +0 club.
The gnoll hits you with a +0 flail.
Things that are here:
a +0 whip; a gnoll corpse You closely miss the gnoll.
You headbutt the gnoll!
The gnoll is severely wounded.
You hit the gnoll.
You kill the gnoll!
Trog accepts your kill.
You feel a strong urge to attack something.
g - a throwing net You are no longer berserk.
You are exhausted.
You feel yourself slow down.
Throw: throwing net
Press: ? - help, Q - select action, (/) - cycle Shift-Dir - straight line, f - gnoll
Aim: a gnoll, wielding a +0 club (61% to hit)
You throw a throwing net.
The throwing net barely misses the gnoll.
It was a potion of mutation.
You feel extremely strange.
You feel robust.
You feel your surroundings grow quieter.
The gnoll hits you with a +0 club.
* * * LOW HITPOINT WARNING * * *
You aren't carrying any potions.
As you read the scroll labelled MENNEI DYARGHUT, it crumbles to dust.
It is a scroll of identify.
e - a scroll of enchant weapon The gnoll closely misses you.
The gnoll hits you but does no damage.
Unknown command.
As you read the scroll labelled YJILIYLYUM, it crumbles to dust.
You feel aware of your surroundings.
You sensed 1 altar, and 1 shop/portal.
It was a scroll of magic mapping.
The gnoll hits you with a +0 club.
* * * LOW HITPOINT WARNING * * *
Okay, then.
The gnoll closely misses you. The gnoll misses you.
The gnoll hits you with a +0 club.
You die...

#########
.......<###########
.#####..........@.# ,*
#..#####>###g#####
,****#..#.....# #.....#
,,,,*#..#.###.###.###.#
,**,*#..#,* #.....# #.#
,**,*#..#,* ###.### #.#
**** ,**,*#..#,* #.#
#.# *,,, ,**,*#..#,*
#.# #.# ***#,**
,**,**,,*,*
#.#####.#####...,,,


You could see a gnoll.

Vanquished Creatures
  2 adders (D:2)
  2 gnolls (D:2)
  2 dart slugs (D:1)
  4 ball pythons
  A bat (D:1)
  An endoplasm (D:1)
  A giant cockroach (D:2)
  2 hobgoblins (D:1)
  2 frilled lizards (D:1)
  5 rats (D:1)
22 creatures vanquished.

Notes
Turn   | Place    | Note
-------+----------+-------------------------------------------
     0 | D:1      | knot the Demonspawn Berserker began the quest for the Orb.
     0 | D:1      | Reached XP level 1. HP: 18/18 MP: 1/1
   164 | D:1      | Reached skill level 3 in Axes
   328 | D:1      | Gained mutation: You have a pair of small horns on your
                  | head. [demonic ancestry]
   328 | D:1      | Reached XP level 2. HP: 22/24 MP: 2/2
  1077 | D:2      | Reached XP level 3. HP: 10/29 MP: 3/3
  1089 | D:2      | Reached skill level 4 in Axes
  1445 | D:2      | Gained mutation: You are robust. (+10% HP) [potion of
                  | mutation]
  1445 | D:2      | Gained mutation: You passively dampen the noise of your
                  | surroundings. [potion of mutation]
  1447 | D:2      | HP: 1/31 [gnoll (4)]
  1453 | D:2      | Slain by a gnoll

Illustrated notes

Levels and vault maps discovered:
D:1:      dpeg_arrival_lava_temple_mockup, layout_basic
D:2:      layout_loops_ring, serial_shops, nicolae_square_shop,
          basic_ecumenical_altar, wander_ebering_terrifying_dragon_lair,
          uniq_jessica

Skill      XL: |  1  2  3 |
---------------+----------+-----
Axes           | 3 4 |  4.4
Fighting       | |  3.0
Armour         | |  1.7
Dodging        | |  1.7

Action                   || total
-------------------------++-------
Melee: Hand axe          ||    67
       Headbutt          ||     7
       Punch             ||     2
Throw: Stone             ||     4
       Throwing net      ||     1
Invok: Berserk           ||     2
  Use: Scroll            ||     2
       Potion            ||     2
Armor: Animal skin       ||    11
       Skin              ||    10
Dodge: Dodged            ||    40

Table legend: (Time is in decaauts)
 A = Elapsed time spent in this place.
 B = Non-inter-level travel time spent in this place.
 C = Inter-level travel time spent in this place.
 D = Time resting spent in this place.
 E = Time spent auto-exploring this place.
 F = Levels seen in this place.
 G = Mean time per level.
                   A        B        C        D        E       F      G
               +--------+--------+--------+--------+--------+-----+--------+
         Total |   1473 |   1465 |      8 |    439 |    847 |   2 |  736.5 |
       Dungeon |   1473 |   1465 |      8 |    439 |    847 |   2 |  736.5 |
               +--------+--------+--------+--------+--------+-----+--------+

Top non-repeatable levels by time:
     D:1: 1045 daAuts
     D:2: 427 daAuts
